 Dungeon Crawl Stone Soup version 0.32-a0-41-gec2d92a32c (webtiles) character file.

Game seed: 13791921766054559570

27 pokeman the Magician (level 2, 0/16 HPs)
             Began as a Deep Elf Hedge Wizard on Jan 26, 2024.
             Slain by a jackal (3 damage)
             ... on level 2 of the Dungeon.
             The game lasted 00:02:14 (1590 turns).

pokeman the Magician (Deep Elf Hedge Wizard)        Turns: 1590, Time: 00:02:14

Health: 0/16       AC:  2    Str:  7    XL:     2   Next: 93%
Magic:  0/10       EV: 12    Int: 18    God:
Gold:   159        SH:  0    Dex: 14    Spells: 10/11 levels left

rFire   . . .        a - +0 dagger
rCold   . . .        (no shield)
rNeg    . . .        b - +0 robe
rPois   .            c - +0 hat
rElec   .            (no cloak)
rCorr   .            (no gloves)
SInv    .            (no boots)
Will    .....        (no amulet)
Stlth   ++           (no ring)
HPRegen 0.22/turn    (no ring)
MPRegen 0.12/turn

%: no passive effects
@: no status effects
A: no striking features
a: no special abilities


You were on level 2 of the Dungeon.
You visited 1 branch of the dungeon, and saw 2 of its levels.

You collected 159 gold pieces.

Inventory:

Hand Weapons
 a - a +0 dagger (weapon)
Armour
 b - a +0 robe (worn)
 c - a +0 hat (worn)
Scrolls
 g - a scroll of vulnerability {unknown}
 h - a scroll of teleportation {unknown}
 i - a scroll of enchant armour {unknown}
 k - a scroll of revelation {unknown}
Potions
 d - a potion of magic
 e - a potion of invisibility {unknown}
 f - a potion of lignification {unknown}
 j - a potion of cancellation {unknown}


   Skills:
 + Level 0.7 Fighting
 + Level 0.6 Armour
 - Level 2.4 Dodging
 - Level 2.4 Stealth
 * Level 5.0 Spellcasting
 + Level 1.6 Conjurations
 - Level 1.1 Summonings
 - Level 1.1 Translocations


You had 10 spell levels left.
You knew the following spells:

 Your Spells              Type           Power      Damage    Failure   Level
a - Magic Dart            Conj           40%        1d5       7%          1

Your spell library contained the following spells:

 Spells                   Type           Power      Damage    Failure   Level
 Slow                     Hex            16%        N/A       13%         1
 Blink                    Tloc           16%        N/A       13%         2
 Call Imp                 Summ           16%        N/A       13%         2
 Cigotuvi's Dreadful Rot  Necr/Alch/Air  8%         N/A       21%         2
 Mercury Vapours          Alch/Air       8%         N/A       21%         2
 Mephitic Cloud           Conj/Alch/Air  6%         N/A       32%         3
 Freezing Cloud           Conj/Ice/Air   3%         6-21      96%         5


Dungeon Overview and Level Annotations

Branches:
Dungeon (2/15)

Altars:

Shops:
D:1 ?

Annotations:
D:1 exclusion: gnoll


Message History

The magic dart hits the jackal but does no damage.
The jackal is moderately wounded.
The jackal closely misses you.
Unknown command.
You hit the jackal but do no damage.
The jackal is moderately wounded.
The jackal completely misses you. The jackal misses you.
You hit the jackal.
The jackal is heavily wounded.
The jackal barely misses you.
You barely miss the jackal.
The jackal is heavily wounded.
The jackal bites you.
* * * LOW HITPOINT WARNING * * *
The jackal barely misses you.
You miss the jackal.
The jackal is moderately wounded.
The jackal closely misses you.
Your magical contamination has completely faded away.
Casting: Magic Dart (safe; 7% risk of failure)
Confirm with . or Enter, or press ? or * to list all spells.
Aiming: Magic Dart (safe; 7% risk of failure)
Press: ? - help, Shift-Dir - straight line, f/p - jackal
Aim: a jackal (moderately wounded, 100% to hit)
The magic dart hits the jackal.
The jackal is heavily wounded.
The jackal closely misses you.
Unknown command.
You hit the jackal but do no damage.
The jackal is heavily wounded.
The jackal misses you. The jackal barely misses you.
You barely miss the jackal.
The jackal is moderately wounded.
The jackal closely misses you.
You closely miss the jackal.
The jackal is moderately wounded.
The jackal bites you.
* * * LOW HITPOINT WARNING * * *
The jackal bites you.
You die...

#.###.#####......# #.#
#.......#....† #.#
##########†### #.# #.#
#.# #.# #.# ##'## #.#
##...## #.# ##.....# #@#
##....... #h# #........
....h..........+........
.###........####........
#.##.##..# ##....... #.
#.# #.# ##.....# # #.#
.# ##...## #.. # ##+##
##. #.#


You could see a jackal.

Vanquished Creatures
  2 dart slugs (D:2)
  A hobgoblin (D:1)
  3 jackals (D:2)
  3 kobolds (D:1)
  8 ball pythons
  A bat (D:1)
  2 frilled lizards (D:2)
  2 goblins (D:1)
  A rat (D:1)
23 creatures vanquished.

Notes
Turn   | Place    | Note
-------+----------+-------------------------------------------
     0 | D:1      | pokeman the Deep Elf Hedge Wizard began the quest for the
                  | Orb.
     0 | D:1      | Reached XP level 1. HP: 10/10 MP: 7/7
   253 | D:1      | Found Pen Egadae's Magic Scroll Shop.
   431 | D:1      | Reached XP level 2. HP: 16/16 MP: 7/9
  1495 | D:2      | Reached skill level 5 in Spellcasting
  1590 | D:2      | Slain by a jackal

Illustrated notes

Levels and vault maps discovered:
D:1:      dpeg_arrival_orchard, layout_basic, serial_shops, shop,
          minmay_gold_behind_fungi, chequers_serial_rivers_micro_d,
          minmay_misc_feat_diagonals, roderic_filled_cross
D:2:      layout_loops_corners, basic_altar

Skill      XL: |  1  2 |
---------------+-------+-----
Spellcasting   | 5 |  5.0
Fighting       | |  0.7
Armour         | |  0.6
Dodging        | |  2.4
Stealth        | |  2.4
Conjurations   | |  1.6
Summonings     | |  1.1
Translocations | |  1.1

Action                     || total
---------------------------++-------
  Melee: Dagger            ||    34
         Punch             ||     1
   Cast: Magic Dart        ||    61
 Armour: Robe              ||    22
  Dodge: Dodged            ||    34

Table legend: (Time is in decaauts)
 A = Elapsed time spent in this place.
 B = Non-inter-level travel time spent in this place.
 C = Inter-level travel time spent in this place.
 D = Time resting spent in this place.
 E = Time spent auto-exploring this place.
 F = Levels seen in this place.
 G = Mean time per level.
                   A        B        C        D        E       F      G
               +--------+--------+--------+--------+--------+-----+--------+
         Total |   1589 |   1583 |      6 |     87 |   1287 |   2 |  794.5 |
       Dungeon |   1589 |   1583 |      6 |     87 |   1287 |   2 |  794.5 |
               +--------+--------+--------+--------+--------+-----+--------+

Top non-repeatable levels by time:
     D:1: 1175 daAuts
     D:2: 414 daAuts
